 Dungeon Crawl Stone Soup version 0.32-a0-314-g526f7d4993 (webtiles) character file.

Game seed: 8420022318588242763

67 910rd the Sneak (level 4, 0/38 HPs)
             Began as a Naga Enchanter on Feb 16, 2024.
             Slain by Ijyb
             ... wielding a +5 club
              (9 damage)
             ... on level 3 of the Dungeon.
             The game lasted 00:02:49 (1290 turns).

910rd the Sneak (Naga Enchanter)                    Turns: 1290, Time: 00:02:50

Health: 0/38       AC:  4    Str: 10    XL:     4   Next: 16%
Magic:  0/7        EV: 10    Int: 18    God:
Gold:   123        SH:  0    Dex: 11    Spells: 5/7 levels left

rFire   . . .        a - +1 dagger
rCold   . . .        (no shield)
rNeg    . . .        l - +2 robe {Will+}
rPois   +            (no helmet)
rElec   .            (no cloak)
rCorr   .            (no gloves)
SInv    +            (no barding)
Will    +....        (no amulet)
Stlth   +++          (no ring)
HPRegen 0.26/turn    (no ring)
MPRegen 0.10/turn

%: no passive effects
@: very slightly contaminated, invisible, very slow
A: AC +1, large, see invisible, deformed body, poison resistance, slowness 2,
spit poison 1, naga tail 1
a: Spit Poison


You were on level 3 of the Dungeon.
You visited 1 branch of the dungeon, and saw 3 of its levels.

You collected 123 gold pieces.

Inventory:

Hand Weapons
 a - a +1 dagger (weapon)
 j - a +0 broad axe
 k - a +0 hand axe of flaming
Missiles
 h - 6 poisoned darts
Armour
 b - a +0 robe
 l - a +2 robe of willpower (worn)
Scrolls
 f - a scroll of teleportation {unknown}
 g - a scroll of enchant armour {unknown}
Potions
 c - a potion of invisibility
 d - 3 potions of mutation {unknown}
 e - 2 potions of heal wounds {unknown}
 i - a potion of curing {unknown}


   Skills:
 - Level 1.0 Fighting
 - Level 1.0 Short Blades
 + Level 1.9 Dodging
 - Level 6.0 Stealth
 - Level 2.0 Spellcasting
 - Level 3.0 Hexes
 - Level 2.0 Ice Magic


You had 5 spell levels left.
You knew the following spells:

 Your Spells              Type           Power      Damage    Failure   Level
a - Ensorcelled Hibernat  Hex/Ice        20%        N/A       10%         2

Your spell library contained the following spells:

 Spells                   Type           Power      Damage    Failure   Level
 Slow                     Hex            48%        N/A       5%          1
 Confusing Touch          Hex            12%        N/A       16%         3
 Sigil of Binding         Hex            12%        N/A       16%         3
 Tukima's Dance           Hex            12%        N/A       16%         3
 Dazzling Flash           Conj/Hex       14%        N/A       28%         3
 Vampiric Draining        Necr           1%         2d6       47%         3


Dungeon Overview and Level Annotations

Branches:
Dungeon (3/15)

Altars:

Annotations:
D:3 Ijyb


Innate Abilities, Weirdness & Mutations

Your serpentine skin is tough. (AC +1)
You have supernaturally acute eyesight. (SInv)
Armour fits poorly on your strangely shaped body.
Your system is resistant to poisons. (rPois)
You cover ground very slowly.
You can spit poison.
You have a snake-like lower body.


Message History

Confirm with . or Enter, or press ? or * to list all spells.
Aiming: Ensorcelled Hibernation (safe; 10% risk of failure)
Press: ? - help, Shift-Dir - straight line, f/p - Ijyb
Aim: Ijyb, wielding a +5 club, wearing a +0 ring mail and carrying a wand of flame (chance to affect: 52%) Ijyb resists with significant effort.
The adder hisses angrily.
Ijyb hits you with a +5 club.
You fade into invisibility!
Ijyb hits you with a +5 club!
You barely miss Ijyb.
A dart slug comes into view.
You closely miss the adder.
Ijyb shouts!
The adder bites you but does no damage.
You barely miss the adder.
Ijyb shouts!
The adder barely misses you.
You barely miss the adder. You hit Ijyb.
Ijyb is lightly wounded.
Ijyb misses you.
You hit Ijyb.
Ijyb is moderately wounded.
Ijyb zaps a wand.
The puff of flame hits you!
You hit Ijyb but do no damage.
Ijyb is moderately wounded.
Ijyb hits you with a +5 club.
* * * LOW HITPOINT WARNING * * *
Casting: Ensorcelled Hibernation (safe; 10% risk of failure)
Confirm with . or Enter, or press ? or * to list all spells.
Aiming: Ensorcelled Hibernation (safe; 10% risk of failure)
Press: ? - help, Shift-Dir - straight line, f/p - Ijyb
Aim: Ijyb, wielding a +5 club, wearing a +0 ring mail and carrying a wand of flame (moderately wounded, unable to see you, chance to affect: 52%) Ijyb looks drowsy...
The helpless Ijyb fails to defend herself.
You puncture Ijyb!
Ijyb is severely wounded.
Ijyb hits you with a +5 club!
You die...
Ijyb screams, "Good help so hard to find!"

...........#.#
.######.##.#.#
#.##.#.#
#......#
##.##### #.#
#.# ####.####
#.@.....#
#g##.##.# ...
#.# # ###S #.#
#. #.# #. #.#
#. ... .. .#


You could see Ijyb (unable to see you) and an adder (wandering, unable to see
you).

Vanquished Creatures
  Jessica (D:3)
  An adder (D:2)
  A dart slug (D:1)
  A ball python (D:2)
  2 bats (D:1)
  An endoplasm (D:2)
  5 goblins
  3 hobgoblins
  A quokka (D:1)
  A rat (D:2)
17 creatures vanquished.

Notes
Turn   | Place    | Note
-------+----------+-------------------------------------------
     0 | D:1      | 910rd the Naga Enchanter began the quest for the Orb.
     0 | D:1      | Reached XP level 1. HP: 15/15 MP: 3/3
    77 | D:1      | Reached skill level 5 in Stealth
   156 | D:1      | Reached XP level 2. HP: 13/24 MP: 5/5
   323 | D:1      | Reached skill level 1 in Fighting
   372 | D:1      | Reached skill level 1 in Ice Magic
   656 | D:2      | Reached XP level 3. HP: 18/31 MP: 6/6
   668 | D:2      | Learned a level 2 spell: Ensorcelled Hibernation
  1247 | D:3      | Noticed Jessica
  1248 | D:3      | Killed Jessica
  1249 | D:3      | Reached skill level 6 in Stealth
  1249 | D:3      | Reached XP level 4. HP: 38/38 MP: 7/7
  1275 | D:3      | Noticed Ijyb
  1290 | D:3      | Slain by Ijyb

Illustrated notes

Levels and vault maps discovered:
D:1:      zaba_arrival_water, layout_rooms, feat_on_display
D:2:      layout_rooms, grunt_decor_arrowhead
D:3:      layout_loops_cross, gammafunk_temple_overflow_elements,
          hellmonk_ecumenical_altar_watching_god, serial_shops,
          nicolae_shop_stone, ebering_ghost_rock_garden, serial_bayou_pond_c,
          serial_bayou_pond_c, uniq_ijyb, uniq_robin, uniq_jessica

Skill      XL: |  1  2  3 |
---------------+----------+-----
Stealth        | 5 6 |  6.0
Fighting       | 1 |  1.0
Ice Magic      | 1 2 |  2.0
Short Blades   | |  1.0
Dodging        | |  1.9
Spellcasting   | |  2.0
Hexes          | |  3.0

Action                     |  1- 3 |  4- 6 || total
---------------------------+-------+-------++-------
  Melee: Dagger            |    51 |     8 ||    59
   Cast: Ensorcelled Hiber |     1 |     3 ||     4
Ability: Spit Poison       |    13 |       ||    13
    Use: Potion            |       |     1 ||     1
   Stab: Sleeping          |     3 |     1 ||     4
 Armour: Robe              |    45 |     7 ||    52
  Dodge: Dodged            |    41 |     2 ||    43

Table legend: (Time is in decaauts)
 A = Elapsed time spent in this place.
 B = Non-inter-level travel time spent in this place.
 C = Inter-level travel time spent in this place.
 D = Time resting spent in this place.
 E = Time spent auto-exploring this place.
 F = Levels seen in this place.
 G = Mean time per level.
                   A        B        C        D        E       F      G
               +--------+--------+--------+--------+--------+-----+--------+
         Total |   1649 |   1488 |    161 |    147 |   1103 |   3 |  549.7 |
       Dungeon |   1649 |   1488 |    161 |    147 |   1103 |   3 |  549.7 |
               +--------+--------+--------+--------+--------+-----+--------+

Top non-repeatable levels by time:
     D:2: 884 daAuts
     D:1: 715 daAuts
     D:3: 50 daAuts
